AoeStats
← Michi3052

Nomad

503198960Analyzed
1v1 RM · 1mo ago on Aug 30, 2026· 59m 23s· 2 players
Game mode
Random Map
Map size
126×126
Population
200
Speed
Normal
Resources
Standard
Victory
Conquest
Starting age
Dark Age
Ending age
Imperial Age
RankedLock teamsTeams togetherTeam positionsShared explorationLock speedFull tech treeHidden civsTurbo modeCheats
Victory
Defeat
🇹🇼 Byzantines · Taiwan
777
+15
🇪🇸 Cumans · Spain
758
-15
Michi3052
12:02 Loom
14:32 Feudal Age
16:05 Double-Bit Axe
21:05 Castle Age
22:40 Padded Archer Armor
22:32 Fletching
23:58 Wheelbarrow
23:37 Town Watch
27:16 Ballistics
28:57 Capped Ram
32:56 Man-at-Arms
33:37 Squires
33:23 Arson
34:19 Leather Archer Armor
34:00 Bodkin Arrow
34:11 Scale Barding Armor
34:31 Long Swordsman
37:16 Hand Cart
42:33 Gold Mining
43:14 Scale Mail Armor
43:25 Forging
48:03 Imperial Age
47:41 Gold Shaft Mining
46:57 Stone Mining
47:09 Fishing Lines
48:12 Horse Collar
48:11 Two-Handed Swordsman
49:37 Conscription
50:51 Champion
53:49 Chemistry
53:00 Masonry
53:15 Heavy Plow
53:59 Iron Casting
53:43 Bloodlines
54:45 Hoardings
54:58 Bow Saw
55:42 Chain Mail Armor
56:03 Ring Archer Armor
57:55 Elite Steppe Lancer
princesskenny654
4:02 Loom
17:21 Feudal Age
18:00 Double-Bit Axe
19:52 Fishing Lines
21:11 Gold Mining
24:39 Castle Age
23:15 Stone Mining
25:18 Forging
25:09 Scale Mail Armor
25:12 Padded Archer Armor
26:08 Gold Shaft Mining
25:41 Squires
28:13 Wheelbarrow
27:32 Gillnets
29:35 Bow Saw
29:11 Elite Skirmisher
30:14 Pikeman
30:40 Gambesons
32:46 Husbandry
36:32 Imperial Age
34:24 Fletching
35:15 Murder Holes
36:09 Stone Shaft Mining
37:29 Hand Cart
37:38 Conscription
37:45 Bodkin Arrow
38:54 Bracer
41:27 Demolition Ship
43:17 Medium Warships
43:59 Iron Casting
46:20 Hoardings
46:35 Arson
48:45 Scale Barding Armor
48:55 Crossbowman
49:23 Treadmill Crane
50:04 Ballistics
50:45 Chemistry
52:19 Arbalester
53:05 Thumb Ring
53:38 Chain Mail Armor
53:38 Leather Archer Armor
54:26 Chain Barding Armor
57:41 Plate Mail Armor
57:47 Plate Barding Armor
57:45 Ring Archer Armor
58:48 Logistica
Connection lost

Rejoining the realm…

Still unreachable

The connection could not be restored.

Session expired

The server has moved on; the page needs a fresh start.